Map: Catalyst LE

Players

SpeCial

  • Race: Terran Terran
  • Spawn Location: 11:00

uThermal - Winner!

  • Race: Terran Terran
  • Spawn Location: 5:00

Event: WCS Leipzig 2018

VOD

Have the link to the VOD?

Description

Time

  • Played on: Jan. 27, 2018, 8:43 a.m.
  • Length: 7:42

All games in this series

Show
View Real Time Build Order
Export as new Build Order

SpeCial Terran 

Build Orders: Cyclone Opening 

Get SALT Encoding   

  12  0:00  SCV  
  13  0:12  SCV  
  14  0:17  Supply Depot  
  14  0:25  SCV  
  15  0:29  Refinery  
  15  0:39  SCV  
  16  0:44  Barracks  
  16  0:51  SCV  
  16  0:55  Refinery  
  17  1:03  SCV  
  18  1:15  SCV  
  19  1:32  Factory  
  20  1:33  Orbital Command  
  20  1:35  Reaper  
  20  1:43  Supply Depot  
  20  1:59  SCV  
  21  2:11  SCV  
  21  2:13  Reaper  
  23  2:17  Cyclone  
  26  2:23  SCV  
  27  2:34  Command Center  
  27  2:37  SCV  
  28  2:41  Supply Depot  
  28  2:46  Barracks Reactor  
  28  2:49  SCV  
  29  2:55  Cyclone  
  31  3:03  SCV  
  32  3:15  SCV  
  33  3:22  Supply Depot  
  33  3:27  SCV  
  33  3:35  Cyclone x2  
  39  3:43  SCV  
  39  3:52  Engineering Bay  
  39  3:53  Orbital Command  
  39  3:55  SCV  
  40  4:07  SCV, Cyclone x2  
  47  4:20  SCV x2  
  49  4:28  Supply Depot  
  49  4:32  SCV x2  
  49  4:33  Missile Turret  
  51  4:44  SCV x2  
  56  4:45  Cyclone  
  56  4:55  Missile Turret  
  56  4:56  SCV x2  
  58  5:08  SCV x2  
  60  5:14  Cyclone  
  60  5:17  Cyclone  
  60  5:19  Supply Depot  
  60  5:20  SCV x2  
  68  5:25  Supply Depot  
  68  5:32  SCV x2, Command Center  
  70  5:37  Refinery  
  70  5:40  Refinery  
  67  5:44  SCV x2  
  67  5:47  Supply Depot  
  69  5:51  Cyclone  
  69  5:56  SCV x2, Cyclone  
  77  6:08  SCV  
  77  6:09  SCV  
  61  6:12  Barracks Reactor  
  61  6:14  Factory  
  61  6:18  Supply Depot  
  61  6:21  SCV x2  
  61  6:25  Cyclone  
  66  6:31  Missile Turret  
  66  6:33  SCV x2, Cyclone  
  71  6:44  Orbital Command  
  71  6:45  SCV x2  
  73  6:51  Refinery  
  73  6:57  SCV x2, Refinery, Cyclone  
  77  7:03  Supply Depot  
  77  7:08  Cyclone x2  
  83  7:09  SCV x2  
  83  7:10  SCV  
  86  7:21  SCV x2  
  86  7:22  SCV  
Show
View Real Time Build Order
Export as new Build Order

uThermal Terran - Winner!

Build Orders: 1/1/1, Cyclone Opening 

Get SALT Encoding   

  12  0:01  SCV  
  13  0:13  SCV  
  14  0:17  Supply Depot  
  14  0:25  SCV  
  14  0:27  Refinery  
  15  0:38  SCV  
  16  0:44  Barracks  
  16  0:50  SCV  
  16  0:55  Refinery  
  17  1:03  SCV  
  18  1:15  SCV  
  19  1:31  Orbital Command, Reaper  
  20  1:35  Factory  
  20  1:48  Supply Depot  
  20  1:57  SCV  
  21  2:03  Reaper  
  22  2:09  SCV  
  23  2:18  Cyclone  
  23  2:22  SCV, Starport  
  27  2:34  Supply Depot  
  27  2:37  Barracks Tech Lab  
  27  2:39  SCV  
  28  2:51  SCV  
  28  2:54  Hellion  
  31  3:03  Supply Depot  
  31  3:04  SCV, Cloaking Field  
  32  3:06  Banshee  
  34  3:18  SCV  
  35  3:21  Cyclone  
  38  3:30  SCV  
  39  3:50  Banshee  
  39  3:55  Command Center  
  42  3:59  Cyclone  
  46  4:05  SCV  
  46  4:06  Supply Depot  
  46  4:14  Barracks Reactor  
  46  4:17  SCV  
  44  4:30  SCV  
  45  4:33  Banshee  
  48  4:42  SCV  
  48  4:54  SCV  
  49  5:03  Cyclone  
  50  5:08  Command Center  
  50  5:13  Orbital Command  
  47  5:18  Banshee  
  50  5:24  Cyclone  
  50  5:25  SCV  
  54  5:30  Refinery  
  54  5:32  Refinery  
  54  5:37  SCV  
  54  5:40  Cyclone  
  54  5:41  SCV  
  56  5:49  SCV  
  57  5:53  SCV  
  58  5:57  Cyclone  
  61  6:10  SCV  
  59  6:12  Cyclone  
  59  6:17  SCV  
  63  6:20  Orbital Command  
  63  6:22  SCV  
  63  6:23  Banshee  
  67  6:29  SCV, Cyclone  
  71  6:34  SCV  
  71  6:36  Supply Depot  
  71  6:38  Refinery  
  72  6:40  Refinery  
  72  6:41  SCV  
  72  6:46  Barracks Reactor  
  70  6:47  SCV x2  
  70  6:48  Factory  
  70  6:53  SCV  
  73  6:59  SCV x2, Supply Depot, Cyclone  
  78  7:05  SCV, Cyclone  
  82  7:11  Supply Depot  
  82  7:15  SCV  
  86  7:16  SCV  
  86  7:18  SCV  
  88  7:27  SCV  
  88  7:28  SCV  
Tags
 
Add a new tag
Caveats
  • Supply blocks, unpowered buildings, or Contaminate may cause inaccurate times.
  • Supply counts are checked every 10 seconds.